 Dungeon Crawl Stone Soup version 0.20.1-1-g8b1a95d66d (webtiles) character file.

182 NullDivider the Sneak (level 5, -1/35 HPs)
             Began as an Octopode Artificer on Dec 1, 2017.
             Slain by Pikel
             ... wielding a +0 whip of freezing
              (8 damage)
             ... on level 4 of the Dungeon.
             The game lasted 00:12:37 (3830 turns).

NullDivider the Sneak (Octopode Artificer)          Turns: 3830, Time: 00:12:38

Health: -1/35      AC:  1    Str: 11    XL:     5   Next: 62%
Magic:  7/7        EV: 14    Int: 14    God:
Gold:   170        SH:  0    Dex: 13    Spells: 4/4 levels left

rFire    . . .     SeeInvis .   i - +0 dagger (venom)
rCold    . . .     Gourm    .   (no shield)
rNeg     . . .     Faith    .   (helmet restricted)
rPois    .         Spirit   .   (no amulet)
rElec    .         Reflect  .   a - ring of resist corrosion
rCorr    +         Harm     .   (no ring)
MR       .....                  (no ring)
Stlth    ++++......             (no ring)
Regen    0.2/turn               (no ring)
MPRegen  0.1/turn               (no ring)
                                (no ring)
                                (no ring)

@: no status effects
A: almost no armour, stealthy swim, amphibious, 8 rings, constrict 8, camouflage
1, gelatinous body 1
a: no special abilities


You were on level 4 of the Dungeon.
You were not hungry.

You visited 1 branch of the dungeon, and saw 4 of its levels.

You collected 170 gold pieces.

Inventory:

Hand Weapons
 i - a +0 dagger of venom (weapon)
Jewellery
 a - a ring of resist corrosion (left tentacle)
 h - an uncursed amulet of faith {unknown}
Wands
 b - a wand of flame (11/48)
 c - a wand of enslavement (14/24)
 d - a wand of random effects (15/48)
 t - a wand of disintegration (15/24)
Scrolls
 e - a scroll of remove curse
 k - 2 scrolls of teleportation {unknown}
 m - 2 scrolls of identify {unknown}
Potions
 g - 4 potions of curing
 l - a potion of heal wounds
 o - a potion of agility {unknown}
 r - 2 potions of might {unknown}
 s - a potion of haste
Comestibles
 f - 4 bread rations
 j - 2 royal jellies
 n - 4 chunks of flesh
 p - 4 fruits
 q - a meat ration


   Skills:
 + Level 2.4 Fighting
 + Level 2.3 Short Blades
 + Level 3.0 Dodging
 * Level 4.1 Stealth
 + Level 3.8 Evocations


You had 4 spell levels left.
You didn't know any spells.

Dungeon Overview and Level Annotations

Branches:
Dungeon (4/15)
 Temple: D:4-7

Altars:
Hepliaklqana
Uskayaw

Shops:
D:4 *

Annotations:
D:4 Pikel


Innate Abilities, Weirdness & Mutations

You cannot wear most types of armour.
You are very stealthy in the water. (Stealth+)
You are amphibious.
You can wear up to eight rings at the same time.
You can use your tentacles to constrict eight enemies at once.
Your skin changes colour to match your surroundings (Stealth+).
Your rubbery body absorbs attacks. (AC +1, EV +1)


Message History

Pikel is moderately wounded.
You constrict Pikel. Pikel hits you with a whip of freezing! Pikel freezes you.
Pikel closely misses you.
You hit Pikel.
Pikel looks as sick as possible!
Pikel is heavily wounded.
You constrict Pikel, but do no damage. Pikel hits you with a whip of freezing.
Pikel freezes you.
You hit Pikel but do no damage.
Pikel looks as sick as possible!
Pikel is heavily wounded.
You constrict Pikel, but do no damage. Pikel barely misses you.
You hit Pikel but do no damage.
Pikel looks as sick as possible!
Pikel is heavily wounded.
You constrict Pikel.
Pikel checks his coin pouch and frowns.
Pikel hits you with a whip of freezing!
* * * LOW HITPOINT WARNING * * *
Pikel freezes you.
* * * LOW HITPOINT WARNING * * *
Pikel hits you with a whip of freezing!
You die...

. ## ...
.>.#############o.).....
#.>.........@Kpp.$....
####..<########p.....
###....# #..... ####.#
#..... #.# ... # #.# #.#
#. #.### ##.# #.#
#...###..# #..#
###..##.##


You could see Pikel, 3 slaves and an orc.

Vanquished Creatures
  A worker ant (D:4)
  7 adders
  2 oozes
  A worm (D:2)
  2 dart slugs (D:2)
  A leopard gecko (D:4)
  8 bats
  7 giant cockroaches
  12 goblins
  11 hobgoblins
  6 jackals
  7 kobolds
  2 quokkas (D:2)
  2 ball pythons (D:3)
  4 frilled lizards
  A quokka skeleton (D:3)
  A rat (D:1)
75 creatures vanquished.

Vanquished Creatures (others)
  A slave (D:4)
1 creature vanquished.

Grand Total: 76 creatures vanquished

Notes
Turn   | Place    | Note
-------+----------+-------------------------------------------
     0 | D:1      | NullDivider the Octopode Artificer began the quest for the Orb.
     0 | D:1      | Reached XP level 1. HP: 13/13 MP: 3/3
   441 | D:1      | Reached XP level 2. HP: 18/18 MP: 4/4
   481 | D:1      | Reached skill level 2 in Stealth
  1105 | D:1      | Reached XP level 3. HP: 17/23 MP: 5/5
  1674 | D:2      | Reached skill level 3 in Stealth
  1935 | D:2      | Reached XP level 4. HP: 29/29 MP: 6/6
  1967 | D:2      | Found a hide-covered altar of Uskayaw.
  2814 | D:3      | Reached XP level 5. HP: 27/34 MP: 7/7
  3118 | D:3      | Found a hazy altar of Hepliaklqana.
  3645 | D:3      | Reached skill level 4 in Stealth
  3657 | D:4      | Found Cuwn's Assorted Antiques.
  3795 | D:4      | Noticed Pikel
  3795 | D:4      | Noticed a slave
  3795 | D:4      | Noticed a slave
  3817 | D:4      | Noticed a slave
  3818 | D:4      | Noticed a slave
  3830 | D:4      | Slain by Pikel

Skill      XL: |  1  2  3  4  5 |
---------------+----------------+-----
Stealth        | 2 3 4 |  4.1
Fighting       | 2 |  2.4
Short Blades   | 2 |  2.3
Dodging        | 3 |  3.0
Evocations     | |  3.8

Action                   |  1- 3 |  4- 6 || total
-------------------------+-------+-------++-------
Melee: Short sword       |     7 |       ||     7
       Dagger            |    67 |    79 ||   146
       Constrict         |    20 |    23 ||    43
       Tentacles         |    12 |    11 ||    23
Evoke: Wand              |       |     5 ||     5
  Use: Potion            |     2 |       ||     2
       Scroll            |     1 |       ||     1
 Stab: Sleeping          |     9 |     8 ||    17
       Distracted        |     1 |       ||     1
  Eat: Chunk             |     3 |     6 ||     9
Armor: Skin              |     4 |     6 ||    10
Dodge: Dodged            |    30 |    36 ||    66
